 Dungeon Crawl Stone Soup version 0.20-a0-893-g832831a (webtiles) character file.

104 George the Covered (level 4, -2/41 HPs)
             Began as a Minotaur Fighter on Mar 16, 2017.
             Killed by divine providence
             ... invoked by an orc priest
              (16 damage)
             ... on level 2 of the Dungeon.
             The game lasted 00:03:01 (2093 turns).

George the Covered (Minotaur Fighter)               Turns: 2093, Time: 00:03:02

Health: -2/41      AC:  8    Str: 21    XL:     4   Next: 52%
Magic:  3/3        EV:  7    Int:  5    God:
Gold:   84         SH:  9    Dex: 10    Spells: 3/3 levels left

rFire    . . .     SeeInvis .   a - +0 long sword
rCold    . . .     Gourm    .   b - +0 scale mail
rNeg     . . .     Faith    .   c - +0 shield
rPois    .         Spirit   .   k - +1 hat
rElec    .         Reflect  .   (no cloak)
rCorr    .         Harm     .   (no gloves)
MR       .....                  (no boots)
Stlth    ..........             (no amulet)
Regen    0.2/turn               (no ring)
MPRegen  0.1/turn               (no ring)

@: no status effects
A: retaliatory headbutt, horns 2
a: no special abilities


You were on level 2 of the Dungeon.
You were hungry.

You visited 1 branch of the dungeon, and saw 3 of its levels.

You collected 84 gold pieces.

Inventory:

Hand Weapons
 a - a +0 long sword (weapon)
Missiles
 q - 16 bolts
 r - 37 arrows
Armour
 b - a +0 scale mail (worn)
 c - a +0 shield (worn)
 k - a +1 hat (worn)
Scrolls
 e - a scroll of fear
 g - a scroll of magic mapping
 i - 2 scrolls of teleportation {unknown}
 j - 2 scrolls of immolation {unknown}
 m - a scroll of amnesia {unknown}
 o - a scroll of identify {unknown}
Potions
 d - a potion of might
 h - a potion of brilliance {unknown}
 n - a potion of agility {unknown}
Comestibles
 f - a bread ration
 l - 2 fruits


   Skills:
 + Level 4.4 Fighting
 + Level 3.9 Long Blades
 + Level 4.9 Armour
 - Level 3.6 Shields


You had 3 spell levels left.
You didn't know any spells.

Dungeon Overview and Level Annotations

Branches:
Dungeon (3/15)

Altars:
Gozag
Xom


Innate Abilities, Weirdness & Mutations

You reflexively headbutt those who attack you in melee.
You have a pair of horns on your head.


Message History

The orc priest hits you with a flail. The orc hits you but does no damage.
The goblin hits you.
You climb upwards.
There is a stone staircase leading down here.
The orc priest calls upon Beogh to heal the orc.
The orc's wounds heal themselves!
You block the orc's attack. You block the orc's attack.
The orc priest hits you with a flail.
There is an open door here.
You hit the goblin. You headbutt the goblin.
You kill the goblin!
The orc priest barely misses you.
You riposte.
You hit the orc priest.
The orc priest is heavily wounded.
You barely miss the orc priest.
The orc priest is heavily wounded.
You block the orc priest's attack.
You hit the orc priest.
The orc priest is severely wounded.
The orc priest calls down the wrath of Beogh upon you.
Beogh smites you!
You die...

######### #.............#
#.......# #.###.#.#####.#
#.#####.###.##..#.### #.#
#.#####.##..........# #.#
#.##............#.#.# #.#
#.##.##.##..)##.#.#.###.#
#.##.##.###.###.........#
#.......# #.......#.#####
##.###### #@#######.# #.# ##o##
#.# #.# ##wo.## #.####### ##.#
##.....## #.......# ##..#
##..>....## ###.###.#
#####...####.........####...##.#
...........'..)......+.......#.#
#####...####.........####...##.#
........# ##.......## ##.###.##


You could see a worm, an orc priest and an orc.

Vanquished Creatures
  An orc wizard (D:3)
  An adder (D:2)
  An ooze (D:3)
  4 worms (D:2)
  2 orcs (D:3)
  A ball python (D:2)
  9 bats
  2 giant cockroaches
  10 goblins
  4 hobgoblins
  3 quokkas (D:2)
  4 frilled lizards
  2 kobolds (D:1)
  4 rats
48 creatures vanquished.

Notes
Turn   | Place    | Note
-------+----------+-------------------------------------------
     0 | D:1      | George the Minotaur Fighter began the quest for the Orb.
     0 | D:1      | Reached XP level 1. HP: 19/19 MP: 0/0
   244 | D:1      | Reached XP level 2. HP: 26/27 MP: 1/1
   778 | D:2      | Reached XP level 3. HP: 31/33 MP: 2/2
   817 | D:2      | Found a burning altar of Makhleb.
   823 | D:2      | Found a bloodstained altar of Trog.
   823 | D:2      | Found a hide-covered altar of Uskayaw.
   825 | D:2      | Found a snail-covered altar of Cheibriados.
   825 | D:2      | Found a shimmering altar of Xom.
   825 | D:2      | Found a glowing silver altar of Zin.
  1370 | D:2      | Found an opulent altar of Gozag.
  1767 | D:3      | Reached XP level 4. HP: 40/40 MP: 3/3
  2093 | D:2      | Killed from afar by an orc priest

Vault maps used:
D:1:      dpeg_arrival_windows_large_door, minmay_crystal_water,
          minmay_misc_feat_cross, minmay_fountain_box
D:2:      grunt_gozag_statues, doesnt_xom_only_xom, minmay_tall_x
D:3:      minmay_overflow_temple_star_quad, portal_sewer_entry_b,
          kennysheep_generic_room_7

Skill      XL: |  1  2 |
---------------+-------+-----
Armour         | 4 |  4.9
Long Blades    | 3 |  3.9
Fighting       | 4 |  4.4
Shields        | |  3.6

Action                   |  1- 3 |  4- 6 || total
-------------------------+-------+-------++-------
Melee: Long sword        |   122 |    19 ||   141
       Headbutt          |    19 |     3 ||    22
  Use: Scroll            |     2 |       ||     2
  Eat: Chunk             |     3 |       ||     3
Armor: Scale mail        |    48 |    10 ||    58
Dodge: Dodged            |    44 |     7 ||    51
Block: Shield            |    56 |    14 ||    70
       Rpst.: Long sword |    11 |     4 ||    15
